NWL (28 & UNDER)
RED DEER WRANGLERS @ MOOSE JAW GHOSTBUSTERS
09/18/2023
 
TOP OF THE 1ST
Red Deer Wranglers batting - Pitching for Moose Jaw Ghostbusters : RHP Ken Rogers
Pitching: RHP Ken Rogers
Batting: LHB Enrico Vargas 0-0: DOUBLE (Groundball, 3L)
Batting: RHB Todd Bryant 0-0: Ball
1-0: Foul Ball, location: 2F
1-1: SINGLE (Line Drive, 9S)
Enrico Vargas to third
Batting: RHB Ignacio Flores 0-0: Ball
Wild Pitch!
Enrico Vargas scores
Todd Bryant to second
1-0: Foul Ball, location: 2F
1-1: Ball
2-1: Swinging Strike
2-2: Strikes out swinging
Batting: RHB Orlando Núñes 0-0: SINGLE (Groundball, 4MD) (infield hit)
Todd Bryant to third
Batting: SHB José López 0-0: Ball
1-0: Called Strike
1-1: Ball
2-1: Swinging Strike
2-2: Foul Ball, location: 2F
2-2: SINGLE (Line Drive, 4MD)
Todd Bryant scores
Orlando Núñes to second
Batting: LHB Del Kennedy 0-0: Called Strike
0-1: Fielders Choice at 2nd, 6-4 (Groundball, 6)
Orlando Núñes to third
Batting: RHB Carlos Peña 0-0: Called Strike
0-1: Ball
1-1: Ball
2-1: Foul Ball, location: 2F
2-2: Foul Ball, location: 2F
2-2: Fielders Choice at 2nd, U6 (Groundball, 6M)
Top of the 1st over - 2 run(s), 4 hit(s), 0 error(s), 2 left on base; Red Deer 2 - Moose Jaw 0
BOTTOM OF THE 1ST
Moose Jaw Ghostbusters batting - Pitching for Red Deer Wranglers : LHP Takayuki Ine
Pitching: LHP Takayuki Ine
Batting: LHB Dave Stewart 0-0: Ball
1-0: Swinging Strike
1-1: Ground out 4-3 (Groundball, 4)
Batting: LHB Bartolo Villanueva 0-0: Ball
1-0: Ground out 6-3 (Groundball, 6M)
Batting: RHB Earl Wiggins 0-0: Fly out, F6 (Popup, 6D)
Bottom of the 1st over - 0 run(s), 0 hit(s), 0 error(s), 0 left on base; Red Deer 2 - Moose Jaw 0
TOP OF THE 2ND
Red Deer Wranglers batting - Pitching for Moose Jaw Ghostbusters : RHP Ken Rogers
Batting: LHB Jorge Olvera 0-0: Ball
1-0: Foul Ball, location: 2F
1-1: Ball
2-1: Ball
3-1: Base on Balls
Batting: RHB John McDonald 0-0: Ball
1-0: Ball
2-0: Ball
3-0: Called Strike
3-1: Fielders Choice at 2nd, 1-6 (Groundball, 23)
Batting: LHB Enrico Vargas 0-0: Fly out, F7 (Flyball, 7LM)
Batting: RHB Todd Bryant 0-0: Called Strike
0-1: DOUBLE (Groundball, 3L)
John McDonald to third
Runner from 3rd tries for Home, SAFE, no throw or cutoff
Batting: RHB Ignacio Flores 0-0: Called Strike
0-1: Ball
1-1: Ball
2-1: Foul Ball, location: 2F
2-2: Strikes out swinging
Top of the 2nd over - 1 run(s), 1 hit(s), 0 error(s), 1 left on base; Red Deer 3 - Moose Jaw 0
BOTTOM OF THE 2ND
Moose Jaw Ghostbusters batting - Pitching for Red Deer Wranglers : LHP Takayuki Ine
Batting: RHB Jesús Hernández 0-0: Ball
1-0: Ball
2-0: Ball
3-0: Called Strike
3-1: Swinging Strike
3-2: Base on Balls
Batting: RHB John Major 0-0: Called Strike
0-1: Ball
1-1: Fly out, F3 (Popup, 3L)
Batting: LHB Will Vale 0-0: SINGLE (Line Drive, 56D)
Jesús Hernández to second
Batting: RHB Luis Miguel Sánchez 0-0: Called Strike
0-1: Ball
1-1: Ball
2-1: Fly out, F5 (Line Drive, 5)
Batting: RHB Ángel García 0-0: Fly out, F6 (Popup, 6)
Bottom of the 2nd over - 0 run(s), 1 hit(s), 0 error(s), 2 left on base; Red Deer 3 - Moose Jaw 0
TOP OF THE 3RD
Red Deer Wranglers batting - Pitching for Moose Jaw Ghostbusters : RHP Ken Rogers
Batting: RHB Orlando Núñes 0-0: Foul Ball, location: 2F
0-1: Ball
1-1: Ground out 6-3 (Groundball, 6)
Batting: SHB José López 0-0: Ball
1-0: Ground out 4-3 (Groundball, 4)
Batting: LHB Del Kennedy 0-0: Called Strike
0-1: Ball
1-1: Called Strike
1-2: Foul Ball, location: 2F
1-2: Ground out 1-3 (Groundball, 15S)
Top of the 3rd over - 0 run(s), 0 hit(s), 0 error(s), 0 left on base; Red Deer 3 - Moose Jaw 0
BOTTOM OF THE 3RD
Moose Jaw Ghostbusters batting - Pitching for Red Deer Wranglers : LHP Takayuki Ine
Batting: LHB Carlos López 0-0: Ball
1-0: DOUBLE (Flyball, 9D)
Batting: LHB Dave Stewart 0-0: Ball
1-0: Foul Ball, location: 2F
1-1: Ball
2-1: Ball
3-1: Base on Balls
Batting: LHB Bartolo Villanueva 0-0: Ball
1-0: Foul Ball, location: 2F
1-1: Foul Ball, location: 2F
1-2: Ball
2-2: Ball
Single, Error in OF, E8, batter to second base
Carlos López scores
Dave Stewart to third
Batting: RHB Earl Wiggins 0-0: Called Strike
0-1: Ground out 6-3 (Groundball, 6)
Dave Stewart scores
Batting: RHB Jesús Hernández 0-0: Ball
1-0: Ball
2-0: Ball
3-0: Base on Balls
Batting: RHB John Major 0-0: 3-RUN HOME RUN (Line Drive, 8RXD), Distance : 415 ft
Batting: LHB Will Vale 0-0: Foul Ball, location: 2F
0-1: Swinging Strike
0-2: Ball
1-2: Fly out, F6 (Line Drive, 6)
Batting: RHB Luis Miguel Sánchez 0-0: Ball
1-0: Foul Ball, location: 2F
1-1: Foul Ball, location: 2F
1-2: Foul Ball, location: 2F
1-2: Ball
2-2: Fly out, F5 (Line Drive, 5)
Bottom of the 3rd over - 5 run(s), 3 hit(s), 1 error(s), 0 left on base; Red Deer 3 - Moose Jaw 5
TOP OF THE 4TH
Red Deer Wranglers batting - Pitching for Moose Jaw Ghostbusters : RHP Ken Rogers
Batting: RHB Carlos Peña 0-0: Ball
1-0: Foul Ball, location: 2F
1-1: Swinging Strike
1-2: Ball
2-2: Foul Ball, location: 2F
2-2: Ground out 6-3 (Groundball, 6M)
Batting: LHB Jorge Olvera 0-0: Foul Ball, location: 2F
0-1: Ball
1-1: Ball
2-1: Swinging Strike
2-2: Foul Ball, location: 2F
2-2: Foul Ball, location: 2F
2-2: Foul Ball, location: 2F
2-2: Foul Ball, location: 2F
2-2: Strikes out swinging
Batting: RHB John McDonald 0-0: Ground out 4-3 (Groundball, 4M)
Top of the 4th over - 0 run(s), 0 hit(s), 0 error(s), 0 left on base; Red Deer 3 - Moose Jaw 5
BOTTOM OF THE 4TH
Moose Jaw Ghostbusters batting - Pitching for Red Deer Wranglers : LHP Takayuki Ine
Batting: RHB Ángel García 0-0: Called Strike
0-1: Ball
1-1: Ball
2-1: DOUBLE (Flyball, 78XD)
Batting: LHB Carlos López 0-0: Swinging Strike
0-1: Ball
1-1: Ball
2-1: Foul Ball, location: 2F
2-2: Strikes out looking
Batting: LHB Dave Stewart 0-0: Swinging Strike
0-1: SINGLE (Groundball, 25) (infield hit)
Ángel García to third
Batting: LHB Bartolo Villanueva 0-0: Ball
1-0: Called Strike
1-1: Swinging Strike
1-2: Ball
2-2: Ball
3-2: Base on Balls
Dave Stewart to second
Batting: RHB Earl Wiggins 0-0: Ball
1-0: Fly out, F3 (Popup, 23F)
Batting: RHB Jesús Hernández 0-0: Ball
1-0: Fly out, F7 (Flyball, 7M)
Bottom of the 4th over - 0 run(s), 2 hit(s), 0 error(s), 3 left on base; Red Deer 3 - Moose Jaw 5
TOP OF THE 5TH
Red Deer Wranglers batting - Pitching for Moose Jaw Ghostbusters : RHP Ken Rogers
Batting: LHB Enrico Vargas 0-0: Ball
1-0: Ground out 4-3 (Groundball, 4)
Batting: RHB Todd Bryant 0-0: Ball
1-0: Fly out, F9 (Flyball, 89S)
Batting: RHB Ignacio Flores 0-0: Ball
1-0: Fly out, F8 (Line Drive, 8LM)
Top of the 5th over - 0 run(s), 0 hit(s), 0 error(s), 0 left on base; Red Deer 3 - Moose Jaw 5
BOTTOM OF THE 5TH
Moose Jaw Ghostbusters batting - Pitching for Red Deer Wranglers : LHP Takayuki Ine
Batting: RHB John Major 0-0: Ball
1-0: Called Strike
1-1: Ball
2-1: Foul Ball, location: 2F
2-2: DOUBLE (Line Drive, 7LM)
Batting: LHB Will Vale 0-0: Ball
1-0: Ball
2-0: Called Strike
2-1: Ball
3-1: Base on Balls
Pitching: RHP Pedro Leal
Batting: RHB Luis Miguel Sánchez 0-0: Swinging Strike
0-1: Swinging Strike
0-2: Ball
1-2: Ball
2-2: Strikes out swinging
Batting: RHB Ángel García 0-0: Called Strike
0-1: Swinging Strike
0-2: Strikes out looking
Batting: LHB Carlos López 0-0: Ball
1-0: Ball
2-0: Swinging Strike
2-1: Ball
3-1: Base on Balls
John Major to third
Will Vale to second
Batting: LHB Dave Stewart 0-0: DOUBLE (Flyball, 78XD)
John Major scores
Will Vale scores
Carlos López to third
Batting: LHB Bartolo Villanueva 0-0: Fly out, F5 (Line Drive, 56S)
Bottom of the 5th over - 2 run(s), 2 hit(s), 0 error(s), 2 left on base; Red Deer 3 - Moose Jaw 7
TOP OF THE 6TH
Red Deer Wranglers batting - Pitching for Moose Jaw Ghostbusters : RHP Ken Rogers
Batting: RHB Orlando Núñes 0-0: Ball
1-0: Foul Ball, location: 2F
1-1: DOUBLE (Flyball, 8LXD)
Batting: SHB José López 0-0: Ball
1-0: Swinging Strike
1-1: Called Strike
1-2: Ball
2-2: Fly out, F3 (Flyball, 3DF)
Batting: LHB Del Kennedy 0-0: Swinging Strike
Balk!
Orlando Núñes to third
0-1: Ball
1-1: Ball
2-1: Called Strike
2-2: Reached on Error, E6 (Popup, 6M)
Orlando Núñes scores
Batting: RHB Carlos Peña 0-0: Ball
1-0: Ball
2-0: Called Strike
2-1: Foul Ball, location: 2F
2-2: Grounds into double play, U6-3 (Groundball, 6M)
Top of the 6th over - 1 run(s), 1 hit(s), 1 error(s), 0 left on base; Red Deer 4 - Moose Jaw 7
BOTTOM OF THE 6TH
Moose Jaw Ghostbusters batting - Pitching for Red Deer Wranglers : RHP Pedro Leal
Batting: RHB Earl Wiggins 0-0: Ball
1-0: Swinging Strike
1-1: Swinging Strike
1-2: Strikes out swinging
Batting: RHB Jesús Hernández 0-0: Called Strike
0-1: Swinging Strike
0-2: Ball
1-2: Ball
2-2: Ball
3-2: Foul Ball, location: 2F
3-2: Foul Ball, location: 2F
3-2: Foul Ball, location: 2F
3-2: Strikes out swinging
Batting: RHB John Major 0-0: Called Strike
0-1: Swinging Strike
0-2: Ball
1-2: Strikes out looking
Bottom of the 6th over - 0 run(s), 0 hit(s), 0 error(s), 0 left on base; Red Deer 4 - Moose Jaw 7
TOP OF THE 7TH
Red Deer Wranglers batting - Pitching for Moose Jaw Ghostbusters : RHP Ken Rogers
Batting: LHB Jorge Olvera 0-0: Ball
1-0: Foul Ball, location: 2F
1-1: Ball
2-1: Ground out 2-3 (Groundball, 2L)
Pitching: RHP Andrés Rivera
Batting: RHB John McDonald 0-0: Called Strike
0-1: Foul Ball, location: 2F
0-2: Strikes out swinging
Batting: LHB Enrico Vargas 0-0: Fly out, F7 (Flyball, 7M)
Top of the 7th over - 0 run(s), 0 hit(s), 0 error(s), 0 left on base; Red Deer 4 - Moose Jaw 7
BOTTOM OF THE 7TH
Moose Jaw Ghostbusters batting - Pitching for Red Deer Wranglers : RHP Pedro Leal
Pitching: RHP Esteban Castro
Batting: LHB Will Vale 0-0: DOUBLE (Line Drive, 89S)
Batting: RHB Luis Miguel Sánchez 0-0: Intentional Walk
Batting: RHB Ángel García 0-0: Sac Bunt - play at first, batter OUT! 1-3
Will Vale to third
Luis Miguel Sánchez to second
Batting: LHB Carlos López 0-0: Ball
1-0: Called Strike
1-1: Ball
2-1: Foul Ball, location: 2F
2-2: Ball
3-2: Foul Ball, location: 2F
3-2: Ground out 4-3 (Groundball, 4)
Batting: LHB Dave Stewart 0-0: SINGLE (Groundball, 4MD)
Will Vale scores
Luis Miguel Sánchez to third
Runner from 3rd tries for Home, SAFE, no throw or cutoff
Batting: LHB Bartolo Villanueva 0-0: Called Strike
0-1: Swinging Strike
0-2: Foul Ball, location: 2F
0-2: Ball
1-2: Ball
2-2: Ball
3-2: Foul Ball, location: 2F
3-2: Strikes out swinging
Bottom of the 7th over - 2 run(s), 2 hit(s), 0 error(s), 1 left on base; Red Deer 4 - Moose Jaw 9
TOP OF THE 8TH
Red Deer Wranglers batting - Pitching for Moose Jaw Ghostbusters : RHP Andrés Rivera
Batting: RHB Todd Bryant 0-0: Ball
1-0: Called Strike
1-1: Ground out U3 (Groundball, 3L)
Batting: RHB Ignacio Flores 0-0: Ball
1-0: Ball
2-0: Foul Ball, location: 2F
2-1: Foul Ball, location: 2F
2-2: DOUBLE (Flyball, 8LD)
Batting: RHB Orlando Núñes 0-0: Swinging Strike
0-1: Foul Ball, location: 2F
0-2: Ball
1-2: Foul Ball, location: 2F
1-2: Strikes out swinging
Batting: SHB José López 0-0: Ball
1-0: Foul Ball, location: 2F
1-1: Ball
2-1: Called Strike
2-2: Ball
3-2: Ground out 4-3 (Groundball, 34)
Top of the 8th over - 0 run(s), 1 hit(s), 0 error(s), 1 left on base; Red Deer 4 - Moose Jaw 9
BOTTOM OF THE 8TH
Moose Jaw Ghostbusters batting - Pitching for Red Deer Wranglers : RHP Esteban Castro
Batting: RHB Earl Wiggins 0-0: SINGLE (Line Drive, 78S)
Batting: RHB Jesús Hernández 0-0: Ball
1-0: Ball
2-0: Ball
3-0: Base on Balls
Earl Wiggins to second
Batting: RHB John Major 0-0: Fly out, F4 (Popup, 34D)
Batting: LHB Will Vale 0-0: SINGLE (Line Drive, 6D)
Earl Wiggins to third
Jesús Hernández to second
Runner from 3rd tries for Home, SAFE, throw made home
Jesús Hernández to third
Will Vale to second
Pitching: RHP Alejandro Arriaza
Batting: RHB Luis Miguel Sánchez 0-0: Ball
1-0: Foul Ball, location: 2F
1-1: Ball
2-1: Swinging Strike
2-2: Foul Ball, location: 2F
2-2: Strikes out looking
Batting: RHB Ángel García 0-0: Foul Ball, location: 2F
0-1: SINGLE (Flyball, 89S)
Jesús Hernández scores
Will Vale to third
Runner from 3rd tries for Home, SAFE, no throw or cutoff
Batting: LHB Carlos López 0-0: Called Strike
0-1: Ball
1-1: Foul Ball, location: 2F
1-2: Ball
2-2: Ball
3-2: Foul Ball, location: 2F
3-2: Base on Balls
Ángel García to second
Batting: LHB Dave Stewart 0-0: Ball
1-0: Swinging Strike
1-1: Ground out 4-3 (Groundball, 4)
Bottom of the 8th over - 3 run(s), 3 hit(s), 0 error(s), 2 left on base; Red Deer 4 - Moose Jaw 12
TOP OF THE 9TH
Red Deer Wranglers batting - Pitching for Moose Jaw Ghostbusters : RHP Andrés Rivera
Batting: LHB Del Kennedy 0-0: Ball
1-0: Called Strike
1-1: SOLO HOME RUN (Flyball, 78XD), Distance : 424 ft
Batting: RHB Carlos Peña 0-0: Ball
1-0: SINGLE (Line Drive, 7S)
Batting: LHB Jorge Olvera 0-0: Swinging Strike
0-1: SINGLE (Groundball, 56D)
Carlos Peña to second
Batting: RHB John McDonald 0-0: Foul Ball, location: 2F
0-1: Ball
1-1: Swinging Strike
1-2: Foul Ball, location: 2F
1-2: Ball
2-2: Foul Ball, location: 2F
2-2: Ball
Passed Ball!
Carlos Peña to third
Jorge Olvera to second
3-2: Foul Ball, location: 2F
3-2: Strikes out swinging
Pitching: RHP Daniel Félix
Batting: LHB Enrico Vargas 0-0: Ball
1-0: DOUBLE (Flyball, 8RM)
Carlos Peña scores
Jorge Olvera scores
Batting: RHB Todd Bryant 0-0: Ground out 5-3 (Groundball, 56)
Batting: RHB Ignacio Flores 0-0: Foul Ball, location: 2F
0-1: Swinging Strike
0-2: Foul Ball, location: 2F
0-2: Strikes out looking
Top of the 9th over - 3 run(s), 4 hit(s), 0 error(s), 1 left on base; Red Deer 7 - Moose Jaw 12
This league is powered by Out of the Park Baseball, the baseball management simulation game for PC, Mac and Linux
Wednesday, December 2nd, 2015 - OOTP Baseball 16.8 Build 38